 Dungeon Crawl Stone Soup version 0.31-a0-963-ga325b2283a (webtiles) character file.

Game seed: 12874867522669444850

2720 bjtr the Sneak (level 9, 0/39 HPs)
             Began as a Vine Stalker Enchanter on Oct 25, 2023.
             Was a Follower of Hepliaklqana.
             Succumbed to a killer bee's poison
             ... on level 8 of the Dungeon.
             The game lasted 00:28:09 (6538 turns).

bjtr the Sneak (Vine Stalker Enchanter)             Turns: 6538, Time: 00:28:10

Health: 0/39       AC:  9    Str: 10    XL:     9   Next: 66%
Magic:  18/18      EV: 14    Int: 19    God:    Hepliaklqana [*.....]
Gold:   365        SH:  0    Dex: 16    Spells: 6/19 levels left

rFire   + . .        a - +2 dagger
rCold   . . .        (no shield)
rNeg    . . .        b - +0 robe
rPois   .            I - +2 helmet
rElec   .            x - +2 cloak
rCorr   .            E - +0 pair of gloves
SInv    .            (no boots)
Will    +....        w - amulet of magic regeneration
Stlth   ++++         t - ring of protection from fire
HPRegen 1.06/turn    (no ring)
MPRegen 0.56/turn

%: guardian spirit
@: lethally poisoned (0 -> -8)
A: reduced essence, fangs 3, regeneration 1, magic shield, antimagic bite, no
potion heal 2
a: Renounce Religion, Recall Ancestor, Ancestor Identity


You were on level 8 of the Dungeon.
You worshipped Hepliaklqana.
Hepliaklqana was aware of your devotion.
You visited 2 branches of the dungeon, and saw 9 of its levels.

You collected 365 gold pieces.

Inventory:

Hand Weapons
 a - a +2 dagger (weapon)
 e - a +4 whip
 f - a +0 sling
 n - a +3 spectral club
 r - a +0 dagger of venom
 y - a +0 rapier
 A - a +1 vampiric whip
 B - a +0 dagger of draining
 D - a +2 trident of draining
Missiles
 l - a throwing net
 m - 21 poisoned darts
 F - 5 darts of dispersal
Armour
 b - a +0 robe (worn)
 g - a +0 leather armour
 x - a +2 cloak (worn)
 E - a +0 pair of gloves (worn)
 H - an orb of mayhem
 I - a +2 helmet (worn)
Jewellery
 k - an amulet of the acrobat
 t - a ring of protection from fire (left hand)
 w - an amulet of magic regeneration (around neck)
 G - a ring of ice
Talismans
 d - a beast talisman
Wands
 z - a wand of acid (31)
Scrolls
 q - a scroll of revelation
 s - a scroll of butterflies {unknown}
 u - a scroll of brand weapon {unknown}
 v - a scroll of teleportation {unknown}
 C - 2 scrolls of vulnerability
 J - a scroll of amnesia
 K - 3 scrolls of fear {unknown}
Potions
 c - a potion of invisibility
 h - 3 potions of mutation
 i - 2 potions of lignification
 o - 3 potions of attraction
 p - a potion of might


   Skills:
 + Level 3.4 Fighting
 + Level 5.0 Short Blades
 + Level 4.6 Dodging
 + Level 7.5 Stealth
 * Level 5.9 Spellcasting
 * Level 6.5 Hexes
 + Level 0.2 Evocations


You had 6 spell levels left.
You knew the following spells:

 Your Spells              Type           Power      Damage    Failure   Level
a - Confusing Touch       Hex            30%        N/A       2%          3
b - Tukima's Dance        Hex            30%        N/A       2%          3
c - Cause Fear            Hex            15%        N/A       8%          4
d - Dazzling Flash        Conj/Hex       36%        N/A       9%          3

Your spell library contained the following spells:

 Spells                   Type           Power      Damage    Failure   Level
 Ensorcelled Hibernation  Hex/Ice        36%        N/A       4%          2
 Shock                    Conj/Air       20%        1d4       12%         1
 Anguish                  Hex/Necr       9%         N/A       28%         4
 Dimensional Bullseye     Hex/Tloc       9%         N/A       28%         4
 Iskenderun's Mystic Bla  Conj/Tloc      5%         2d3       75%         4
 Simulacrum               Ice/Necr       2%         N/A       100%        6
 Enfeeble                 Hex            15%        N/A       100%        7


Dungeon Overview and Level Annotations

Branches:
Dungeon (8/15)             Temple (1/1) D:5
   Lair: D:8-11

Altars:
Cheibriados
Elyvilon
Fedhas
Gozag
Hepliaklqana
Kikubaaqudgha
Makhleb
Nemelex Xobeh
Okawaru
Qazlal
Ru
Sif Muna
Trog
Uskayaw
Vehumet
Wu Jian
Xom
Yredelemnul
Zin
The Shining One


Innate Abilities, Weirdness & Mutations

Your life essence is reduced to manifest your ancestor. (-10% HP)
You have razor-sharp teeth.
Your natural rate of healing is unusually fast.
When hurt, damage is shared between your health and your magic reserves.
Your bite disrupts and absorbs the magic of your enemies.
Potions cannot restore your health.


Message History

You feel sick. The killer bee stings you.
You barely miss the killer bee. Your bite misses the killer bee.
You feel sick. The killer bee closely misses you. The killer bee stings you.
* * * LOW HITPOINT WARNING * * *
You hit the killer bee. You bite the killer bee. You drain its power.
You feel invigorated.
The killer bee is moderately wounded.
The killer bee stings you but does no damage.
You barely miss the killer bee.
You bite the killer bee, but do no damage.
The killer bee is moderately wounded.
You feel sick. The killer bee closely misses you. The killer bee stings you.
* * * LOW HITPOINT WARNING * * *
You are more poisoned.
The killer bee poisons you!
You hit the killer bee but do no damage.
Your bite misses the killer bee.
The killer bee is moderately wounded.
You feel sick. The killer bee stings you!
* * * LOW HITPOINT WARNING * * *
Unknown command.
Okay, then.
You miss the killer bee. Your bite misses the killer bee.
The killer bee is moderately wounded.
* * * LOW HITPOINT WARNING * * *
You feel sick. The killer bee barely misses you. x2
Unknown command.
Aiming: Corrosive Bolt
Press: ? - help, Shift-Dir - straight line, f - killer bee
Aim: a killer bee (moderately wounded, 43% to hit)
The bolt of acid hits the killer bee!
The acid corrodes the killer bee!
The killer bee is severely wounded.
* * * LOW HITPOINT WARNING * * *
You feel very sick. The killer bee stings you.
You are more poisoned.
The killer bee poisons you! The killer bee barely misses you.
Unknown command.
Magic courses through your body.
You die...

#............####.#..#.#
#......####..#...<#..#.#
###......####..##.#.#..#.#
.........'.............#.#
##.......#####..#...#.##.#
#......†...##..#####.##.#
#....................##.###
#.......##.########..#....#
...........>y@.....#..#..#.#
#######..#..######.#..####.###
#..#..# #.......... #..#..#
#.#####.#.# ########..#..# #.#
#...# ..........#..# #.# #####
....##...#..# #.#
...y.........# #.#
........#^..## #.#


You could see a killer bee (corroded).

Vanquished Creatures
  Jeremiah (D:6)
  Grinder (D:3)
  Sigmund (D:3)
  Eustachio (D:4)
  A steam dragon (D:8)
  A sky beast (D:7)
  An ice beast (D:5)
  A phantom (D:6)
  2 bullfrogs
  2 kobold brigands
  Blork the orc (D:6)
  3 scorpions
  3 killer bees (D:8)
  2 hounds (D:4)
  A gnoll bouda (D:6)
  A jelly (D:6)
  An orc priest (D:5)
  A sleepcap (D:4)
  Jessica (D:3)
  4 iguanas
  4 orc wizards
  7 adders
  4 gnolls
  A white imp (D:5)
  2 ufetubi (D:5)
  3 worms
  3 dart slugs
  10 orcs
  5 endoplasms
  3 giant cockroaches (D:2)
  3 goblins
  A hobgoblin (D:1)
  7 jackals
  21 kobolds
  4 quokkas
  9 ball pythons
  A bat (D:3)
  9 frilled lizards
  4 rats
131 creatures vanquished.

Vanquished Creatures (collateral kills)
  A steam dragon (D:7)
  A water moccasin (D:7)
  An ice beast (D:6)
  A sleepcap (D:7)
  2 gnolls (D:6)
  2 orcs
  A kobold (D:7)
9 creatures vanquished.

Vanquished Creatures (others)
  2 ancestors
2 creatures vanquished.

Grand Total: 142 creatures vanquished

Notes
Turn   | Place    | Note
-------+----------+-------------------------------------------
     0 | D:1      | bjtr the Vine Stalker Enchanter began the quest for the
                  | Orb.
     0 | D:1      | Reached XP level 1. HP: 9/9 MP: 4/4
   201 | D:1      | Reached XP level 2. HP: 13/13 MP: 6/6
   735 | D:2      | Reached skill level 4 in Stealth
   745 | D:2      | Reached XP level 3. HP: 9/16 MP: 6/8
   993 | D:2      | Learned a level 3 spell: Confusing Touch
   997 | D:2      | Learned a level 3 spell: Tukima's Dance
  1064 | D:2      | Reached skill level 1 in Short Blades
  1064 | D:2      | Reached XP level 4. HP: 12/21 MP: 6/9
  1843 | D:3      | Noticed Jessica
  1859 | D:3      | Killed Jessica
  1860 | D:3      | Reached XP level 5. HP: 23/25 MP: 10/10
  2066 | D:3      | Noticed Sigmund
  2123 | D:3      | Killed Sigmund
  2124 | D:3      | Reached skill level 1 in Fighting
  2124 | D:3      | Reached skill level 5 in Stealth
  2124 | D:3      | Reached XP level 6. HP: 25/30 MP: 1/12
  2274 | D:3      | Found a faded altar of an unknown god.
  2277 | D:3      | Noticed Grinder
  2283 | D:3      | Paralysed by Grinder for 2 turns
  2318 | D:3      | Killed Grinder
  2319 | D:3      | Reached XP level 7. HP: 33/33 MP: 12/14
  2963 | D:4      | Noticed Eustachio
  2983 | D:4      | Killed Eustachio
  2984 | D:4      | Reached skill level 6 in Stealth
  2984 | D:4      | Reached skill level 5 in Hexes
  2984 | D:4      | Gained mutation: You have razor-sharp teeth. [Vine Stalker
                  | growth]
  2984 | D:4      | Reached XP level 8. HP: 30/39 MP: 10/15
  3344 | D:5      | Entered Level 5 of the Dungeon
  3640 | D:5      | Found a staircase to the Ecumenical Temple.
  3649 | Temple   | Found a transporter.
  3649 | Temple   | Found a transporter.
  3649 | Temple   | Found a transporter.
  3649 | Temple   | Found a transporter.
  3649 | Temple   | Entered the Ecumenical Temple
  3673 | Temple   | Became a worshipper of Hepliaklqana the Forgotten
  3835 | D:5      | Found a white marble altar of Elyvilon.
  4191 | D:6      | Noticed Blork the orc
  4294 | D:6      | Killed Blork the orc
  4358 | D:6      | Reached skill level 5 in Spellcasting
  4417 | D:6      | Reached skill level 7 in Stealth
  4674 | D:6      | Reached * piety under Hepliaklqana
  4859 | D:6      | Reached XP level 9. HP: 26/38 MP: 12/17
  5161 | D:6      | Noticed Jeremiah
  5191 | D:6      | Killed Jeremiah
  5543 | D:7      | Identified the of Kuned
  6348 | D:7      | Learned a level 4 spell: Cause Fear
  6352 | D:7      | Learned a level 3 spell: Dazzling Flash
  6514 | D:8      | Reached skill level 5 in Short Blades
  6537 | D:8      | HP: 1/39 [poisoned by a killer bee]
  6538 | D:8      | Succumbed to a killer bee's poison

Illustrated notes

Levels and vault maps discovered:
D:1:      kennysheep_arrival_seaside, layout_rooms
D:2:      layout_basic, kennysheep_generic_room_12
D:3:      layout_loops_ring, nicolae_ecumenical_snake_handling, uniq_grinder,
          uniq_sigmund, uniq_jessica
D:4:      layout_cave_pods, uniq_eustachio
D:5:      layout_basic, elyvilon_altar_1, minmay_temple_entry_statues,
          skrybe_limestone_x, hangedman_decor_riveting
D:6:      layout_layer_cave, minmay_hedge_maze, minmay_crossroads,
          uniq_jeremiah, uniq_blork_the_orc
D:7:      layout_basic
D:8:      layout_basic, nicolae_overflow_crystal_walls, uniq_prince_ribbit1,
          uniq_erica
Temple:   hellmonk_temple_divided_pantheon

Skill      XL: |  1  2  3  4  5  6  7  8  9 |
---------------+----------------------------+-----
Stealth        | 4 5 6 7 |  7.5
Short Blades   | 1 2 3 4 5 |  5.0
Spellcasting   | 3 4 5 |  5.9
Dodging        | 2 3 4 |  4.6
Fighting       | 1 2 3 |  3.4
Hexes          | 4 5 6 |  6.5
Evocations     | |  0.2

Action                     |  1- 3 |  4- 6 |  7- 9 || total
---------------------------+-------+-------+-------++-------
  Melee: Dagger            |    84 |   128 |   425 ||   637
         Bite              |    19 |    40 |   145 ||   204
         Punch             |     1 |     3 |    10 ||    14
   Cast: Confusing Touch   |       |     3 |    10 ||    13
         Tukima's Dance    |       |     1 |     1 ||     2
  Evoke: Wand              |       |       |     3 ||     3
    Use: Scroll            |     5 |     4 |     2 ||    11
         Potion            |       |       |     6 ||     6
   Stab: Sleeping          |     5 |     5 |     9 ||    19
         Confused          |       |     1 |     7 ||     8
         Invisible         |       |       |     2 ||     2
 Armour: Robe              |    48 |    47 |   262 ||   357
  Dodge: Dodged            |    41 |    58 |   252 ||   351

Table legend: (Time is in decaauts)
 A = Elapsed time spent in this place.
 B = Non-inter-level travel time spent in this place.
 C = Inter-level travel time spent in this place.
 D = Time resting spent in this place.
 E = Time spent auto-exploring this place.
 F = Levels seen in this place.
 G = Mean time per level.
                   A        B        C        D        E       F      G
               +--------+--------+--------+--------+--------+-----+--------+
         Total |   6436 |   6124 |    312 |     59 |   4430 |   9 |  715.1 |
       Dungeon |   6395 |   6087 |    308 |     59 |   4430 |   8 |  799.4 |
        Temple |     41 |     37 |      4 |      0 |      0 |   1 |   41.0 |
               +--------+--------+--------+--------+--------+-----+--------+

Top non-repeatable levels by time:
     D:6: 1331 daAuts
     D:2: 1022 daAuts
     D:7: 833 daAuts
     D:4: 817 daAuts
     D:3: 806 daAuts
     D:5: 778 daAuts
     D:1: 671 daAuts
     D:8: 134 daAuts
  Temple: 41 daAuts
